 Dungeon Crawl Stone Soup version 0.28-a0-906-g0406aca7d3 (webtiles) character file.

Game seed: 2063744594226496476

68 horus123 the Skirmisher (level 4, -1/40 HPs)
             Began as a Hill Orc Fighter on Nov 24, 2021.
             Slain by a gnoll (3 damage)
             ... on level 2 of the Dungeon.
             The game lasted 00:02:38 (1791 turns).

horus123 the Skirmisher (Hill Orc Fighter)          Turns: 1791, Time: 00:02:39

Health: -1/40      AC: 10    Str: 19    XL:     4   Next: 19%
Magic:  4/4        EV:  7    Int:  8    God:
Gold:   69         SH:  4    Dex: 10    Spells: 3/3 levels left

rFire   . . .      SeeInvis +   a - +1 war axe
rCold   . . .      Faith    .   c - +0 buckler
rNeg    . . .      Spirit   .   e - +0 chain mail
rPois   .          Reflect  .   (no helmet)
rElec   .          Harm     .   (no cloak)
rCorr   .          Rampage  .   (no gloves)
Will    .....                   g - +0 pair of boots
Stlth   ..........              (no amulet)
HPRegen 0.13/turn               f - ring of see invisible
MPRegen 0.09/turn               (no ring)

@: no status effects
A: no striking features
a: no special abilities


You were on level 2 of the Dungeon.
You visited 1 branch of the dungeon, and saw 2 of its levels.

You collected 69 gold pieces.

Inventory:

Hand Weapons
 a - a +1 war axe (weapon)
Armour
 b - a +0 scale mail
 c - a +0 buckler (worn)
 e - a +0 chain mail (worn)
 g - a +0 pair of boots (worn)
Jewellery
 f - a ring of see invisible (left hand)
Potions
 d - a potion of might
 h - a potion of heal wounds
 i - a potion of lignification {unknown}


   Skills:
 + Level 4.1 Fighting
 + Level 4.0 Axes
 + Level 3.9 Armour
 + Level 0.4 Dodging
 + Level 3.7 Shields


You had 3 spell levels left.
You didn't know any spells.
Your spell library contained the following spells:

 Spells                   Type           Power      Damage    Failure   Level
 Apportation              Tloc           0%         N/A       99%         1
 Iskenderun's Mystic Bla  Conj/Tloc      0%         2d3       100%        4
 Lightning Bolt           Conj/Air       0%         1d11      100%        5
 Silence                  Hex/Air        0%         N/A       100%        5


Dungeon Overview and Level Annotations

Branches:
Dungeon (2/15)

Altars:


Message History

You now have 69 gold pieces (gained 9).
You see here a +0 ring mail.
Found a stone staircase leading down.
There is a stone staircase leading down here.
There is a stone staircase leading down here.
A gnoll comes into view. It is wielding a +0 halberd.
The gnoll shouts!
You hear a shout!
A gnoll comes into view. It is wielding a +0 halberd.
The gnoll shouts!
A gnoll comes into view. It is wielding a +0 halberd.
The gnoll shouts!
A gnoll comes into view. It is wielding a +0 flail.
The gnoll barely misses you. The gnoll barely misses you.
You block the gnoll's attack.
The gnoll hits you from afar with a +0 halberd.
You slash the gnoll!
The gnoll is severely wounded.
You hit the gnoll. The gnoll closely misses you. You block the gnoll's attack.
The gnoll hits you with a +0 flail. You block the gnoll's attack.
The gnoll barely misses you. You block the gnoll's attack.
You slash the gnoll!
The gnoll is severely wounded.
You hit the gnoll. x2; The gnoll hits you but does no damage. x2
The gnoll hits you with a +0 halberd! x2; The gnoll completely misses you.
You closely miss the gnoll.
The gnoll is severely wounded.
You barely miss the gnoll. x2
The gnoll hits you from afar with a +0 halberd.
* * * LOW HITPOINT WARNING * * *
The gnoll hits you with a +0 halberd.
* * * LOW HITPOINT WARNING * * *
The gnoll hits you but does no damage. The gnoll hits you with a +0 flail.
* * * LOW HITPOINT WARNING * * *
The gnoll barely misses you.
You closely miss the gnoll.
The gnoll is severely wounded.
You closely miss the gnoll. You barely miss the gnoll.
You block the gnoll's attack. The gnoll barely misses you.
The gnoll hits you with a +0 flail.
You die...

### #.##############
#.........gg.g.#####
#####...........@g......
......############.####.
#####.# # #.########
#>.......# #.######.#
#.# #.## #.# #.# #..#
#.# #.# #.# ##.## #.#
#.# #


You could see 4 gnolls.

Vanquished Creatures
  A gnoll (D:1)
  An adder (D:2)
  A dart slug (D:1)
  4 bats
  2 endoplasms
  4 giant cockroaches
  7 goblins
  6 hobgoblins (D:1)
  4 jackals
  4 kobolds
  A quokka (D:2)
  3 frilled lizards
  4 rats
42 creatures vanquished.

Notes
Turn   | Place    | Note
-------+----------+-------------------------------------------
     0 | D:1      | horus123 the Hill Orc Fighter began the quest for the Orb.
     0 | D:1      | Reached XP level 1. HP: 19/19 MP: 1/1
   195 | D:1      | Reached XP level 2. HP: 5/27 MP: 2/2
   507 | D:1      | Reached XP level 3. HP: 23/33 MP: 3/3
  1553 | D:2      | Reached XP level 4. HP: 40/40 MP: 4/4
  1684 | D:2      | Got the Grimoire of the Peculiar Artisans
  1790 | D:2      | HP: 2/40 [gnoll (5)]
  1791 | D:2      | Slain by a gnoll

Illustrated notes

Levels and vault maps discovered:
D:1:      sevenhm_arrival_forest_fort_small_4, layout_basic,
          kennysheep_another_room, minmay_indecisive_spiral
D:2:      layout_basic

Skill      XL: |  1  2  3  4 |
---------------+-------------+-----
Fighting       | 4 |  4.1
Axes           | 3 4 |  4.0
Armour         | |  3.9
Dodging        | |  0.4
Shields        | |  3.7

Action                   |  1- 3 |  4- 6 || total
-------------------------+-------+-------++-------
Melee: War axe           |    98 |    15 ||   113
  Use: Scroll            |     3 |     3 ||     6
Armor: Scale mail        |     5 |       ||     5
       Chain mail        |    57 |    16 ||    73
Dodge: Dodged            |    40 |    17 ||    57
Block: Buckler           |    30 |     6 ||    36

Table legend: (Time is in decaauts)
 A = Elapsed time spent in this place.
 B = Non-inter-level travel time spent in this place.
 C = Inter-level travel time spent in this place.
 D = Time resting spent in this place.
 E = Time spent auto-exploring this place.
 F = Levels seen in this place.
 G = Mean time per level.
                   A        B        C        D        E       F      G
               +--------+--------+--------+--------+--------+-----+--------+
         Total |   1833 |   1796 |     37 |      0 |   1488 |   2 |  916.5 |
       Dungeon |   1833 |   1796 |     37 |      0 |   1488 |   2 |  916.5 |
               +--------+--------+--------+--------+--------+-----+--------+

Top non-repeatable levels by time:
     D:1: 1394 daAuts
     D:2: 438 daAuts
